 Dungeon Crawl Stone Soup version 0.30.1-9-gdf580d7c3d (webtiles) character file.

Game seed: 16920793953421242631

424 lonewolfV2 the Shield-Bearer (level 7, -3/54 HPs)
             Began as a Formicid Fighter on Oct 9, 2023.
             Slain by a troll (7 damage)
             ... on level 6 of the Dungeon.
             The game lasted 00:05:51 (2969 turns).

lonewolfV2 the Shield-Bearer (Formicid Fighter)     Turns: 2969, Time: 00:05:52

Health: -3/54      AC: 11    Str: 21    XL:     7   Next: 17%
Magic:  2/7        EV: 10    Int:  7    God:
Gold:   899        SH: 10    Dex: 15    Spells: 6/6 levels left

rFire   . . .        a - +1 war axe
rCold   . . .        c - +0 buckler
rNeg    . . .        b - +0 scale mail
rPois   .            (helmet unavailable)
rElec   .            (no cloak)
rCorr   .            i - +3 Mad Mage's Maulers {Infuse+∞ VampMP -Cast}
SInv    +            (no boots)
Will    .....        g - amulet of reflection Stlth
                     (no ring)
HPRegen 0.29/turn    (no ring)
MPRegen 0.10/turn

%: no spellcasting, reflection, infuse magic (2 MP)
@: mighty
A: permanent stasis, dig shafts and tunnels, antennae 3, four strong arms
a: Dig, Shaft Self


You were on level 6 of the Dungeon.
You visited 1 branch of the dungeon, and saw 5 of its levels.

You collected 899 gold pieces.

Inventory:

Hand Weapons
 a - a +1 war axe (weapon)
Armour
 b - a +0 scale mail (worn)
 c - a +0 buckler (worn)
 i - the +3 Mad Mage's Maulers (worn) {Infuse+∞ VampMP -Cast}
   (You found it on level 4 of the Dungeon)

   Infuse+∞: It empowers its wearer's blows with all of their magic.
   VampMP:    Blows struck in melee replenish the wearer's magic.
   -Cast:     It prevents spellcasting.
Jewellery
 g - an amulet of reflection (around neck)
 o - a ring of positive energy
Potions
 d - 2 potions of might
 e - a potion of resistance {unknown}
 f - 2 potions of attraction
 h - 2 potions of cancellation
 p - a potion of heal wounds {unknown}


   Skills:
 + Level 4.2 Fighting
 + Level 4.9 Axes
 + Level 4.5 Armour
 + Level 1.3 Dodging
 + Level 5.6 Shields


You had 6 spell levels left.
You didn't know any spells.
Your spell library contained the following spells:

 Spells                   Type           Power      Damage    Failure   Level
 Sandblast                Erth           0%         2d4       83%         1
 Passwall                 Tmut/Erth      0%         N/A       92%         2
 Stone Arrow              Conj/Erth      0%         3d7       99%         3
 Arcjolt                  Conj/Air       0%         1d10      100%        5
 Plasma Beam              Fire/Air       0%         2x1d11    100%        6
 Vhi's Electric Charge    Tloc/Air       Unusable   N/A       N/A         3

Dungeon Overview and Level Annotations

Branches:
Dungeon (6/15)
 Temple: D:4-7

Altars:
Dithmenos
Makhleb
Ru

Shops:
D:1 *


Innate Abilities, Weirdness & Mutations

You cannot be hasted, slowed, berserked, paralysed or teleported.
You can dig through walls and to a lower floor.
You have a pair of large antennae on your head. (SInv)
Your four strong arms can wield two-handed weapons with a shield.


Message History

You start resting.
A goblin comes into view. It is wielding a +0 club.
A goblin is nearby!
A goblin is nearby!
A goblin is nearby!
A sourceless malevolence fills the Dungeon...
You fall into a shaft and drop 2 floors!
The shaft crumbles and collapses.
Found 17 gold pieces.
Found a stone staircase leading down.
Found a scroll labelled QYCWUY IREAMEI.
You now have 899 gold pieces (gained 17).
A troll comes into view.
The troll shouts!
You see here a scroll labelled QYCWUY IREAMEI.
The troll bites you. You block the troll's attack. x2
You barely miss the troll. The troll bites you but does no damage.
You block the troll's attack. The troll closely misses you.
You slash the troll!
The troll is moderately wounded.
The troll bites you! The troll claws you. You block the troll's attack.
You slash the troll!
The troll is severely wounded.
You block the troll's attack. x2; The troll claws you.
You hit the troll.
The troll is severely wounded.
You block the troll's attack. The troll barely misses you. x2
The troll closely misses you. You block the troll's attack.
The troll misses you.
You closely miss the troll.
The troll is severely wounded.
You block the troll's attack. x2; The troll claws you.
* * * LOW HITPOINT WARNING * * *
You feel very mighty all of a sudden. The troll bites you!
* * * LOW HITPOINT WARNING * * *
The troll claws you but does no damage. The troll misses you.
You closely miss the troll.
The troll is severely wounded.
The troll bites you!
You die...

..# ## .# ##.#
.... ... .#.# #
#.# .#.##
#.##.##....##
#...........#.
#.##.#?.......
#.##..........
#...T@.>.....#
.......##.....##
#.###### #...##
#.## ... ....
##.# .#


You could see a troll.

Vanquished Creatures
  A black bear (D:3)
  A scorpion (D:4)
  An orc priest (D:3)
  An iguana (D:3)
  An orc wizard (D:3)
  4 gnolls (D:4)
  7 adders
  A river rat (D:3)
  A worm (D:3)
  A dart slug (D:2)
  10 orcs (D:3)
  2 bats (D:3)
  6 endoplasms
  3 giant cockroaches (D:3)
  5 goblins (D:1)
  11 hobgoblins
  3 quokkas (D:3)
  2 ball pythons
  2 frilled lizards
  6 kobolds
  4 rats
73 creatures vanquished.

Notes
Turn   | Place    | Note
-------+----------+-------------------------------------------
     0 | D:1      | lonewolfV2 the Formicid Fighter began the quest for the
                  | Orb.
     0 | D:1      | Reached XP level 1. HP: 18/18 MP: 1/1
   113 | D:1      | Found Boro's General Store.
   190 | D:1      | Reached XP level 2. HP: 24/24 MP: 2/2
   635 | D:1      | Found a faded altar of an unknown god.
   720 | D:2      | Found a sacrificial altar of Ru.
   849 | D:2      | Reached XP level 3. HP: 26/29 MP: 3/3
  1530 | D:2      | Identified a scroll of acquirement
  1530 | D:2      | Acquired 720 gold pieces
  1662 | D:3      | Reached XP level 4. HP: 35/35 MP: 4/4
  1779 | D:3      | Reached XP level 5. HP: 42/42 MP: 5/5
  1886 | D:3      | Noticed a black bear
  1898 | D:3      | Killed a black bear
  1899 | D:3      | Reached skill level 5 in Shields
  1899 | D:3      | Reached XP level 6. HP: 30/48 MP: 6/6
  1911 | D:3      | Reached skill level 1 in Dodging
  1995 | D:3      | Found a burning altar of Makhleb.
  1996 | D:3      | Found a shadowy altar of Dithmenos.
  2242 | D:3      | Found a glowing drain.
  2761 | D:4      | Reached XP level 7. HP: 30/54 MP: 7/7
  2887 | D:4      | Found the +3 Mad Mage's Maulers {Infuse+∞ VampMP -Cast}
  2954 | D:4      | You fall into a shaft and drop 2 floors!
  2959 | D:6      | Noticed a troll
  2969 | D:6      | Slain by a troll

Illustrated notes

Levels and vault maps discovered:
D:1:      psy_arrival_whirlpool, layout_loops_ring,
          dreamdust_ecumenical_altar_hidden_monk_grotto, serial_shops, shop
D:2:      layout_loops_corners, basic_altar
D:3:      layout_basic, bloody_makhleb, mainiacjoe_overflow_paths,
          gup_sewer_entry_spiral
D:4:      layout_cave_pools, gammafunk_temple_overflow_claw, serial_shops, shop
D:6:      layout_loops_ring, uniq_crazy_yiuf_cottage, uniq_eustachio,
          uniq_blork_the_orc

Skill      XL: |  1  2  3  4  5  6 |
---------------+-------------------+-----
Axes           | 3 4 |  4.9
Armour         | 4 |  4.5
Shields        | 5 |  5.6
Fighting       | 4 |  4.2
Dodging        | 1 |  1.3

Action                     |  1- 3 |  4- 6 |  7- 9 || total
---------------------------+-------+-------+-------++-------
  Melee: War axe           |    67 |   129 |    18 ||   214
    Use: Scroll            |     7 |     3 |       ||    10
         Potion            |       |       |     1 ||     1
 Armour: Scale mail        |    15 |    60 |     5 ||    80
  Dodge: Dodged            |    21 |    51 |    12 ||    84
  Block: Buckler           |    37 |    77 |    22 ||   136
         Reflection        |     2 |       |       ||     2
